 Dungeon Crawl Stone Soup version 0.28-a0-1506-g3893175d92 (webtiles) character file.

Game seed: 7785334036645934576

155791 gimp the Severer (level 17, 0/149 HPs)
             Began as a Hill Orc Fighter on Jan 14, 2022.
             Was the Champion of Okawaru.
             Shot with an arrow by a satyr (21 damage)
             ... on level 4 of the Shoals.
             The game lasted 01:14:29 (38760 turns).

gimp the Severer (Hill Orc Fighter)                Turns: 38760, Time: 01:14:29

Health: 0/149      AC: 25    Str: 33    XL:     17   Next: 65%
Magic:  26/26      EV:  9    Int:  5    God:    Okawaru [******]
Gold:   80         SH: 17    Dex: 10    Spells: 16/16 levels left

rFire   + + .      SeeInvis +   b - +4 broad axe (vamp)
rCold   + + .      Faith    .   u - +0 tower shield
rNeg    + + +      Spirit   .   q - +0 plate armour {Will+}
rPois   +          Reflect  .   B - +0 hat of the Spider Nest {rPois rCorr Int-3 SInv}
rElec   .          Harm     .   g - scarf {rC+ rF+}
rCorr   +          Rampage  .   h - +2 pair of gloves of Parts Unknown {rN++ Stlth+}
Will    ++++.                   w - +2 pair of boots
Stlth   ..........              R - amulet of regeneration
HPRegen 1.14/turn               H - ring "Zeset" {rPois rF+ rN+ Str+6 SInv}
MPRegen 0.20/turn               c - ring of Yfoutham {rC+ Will++ Slay+4 SInv Stlth-}

@: no status effects
A: no striking features
a: Renounce Religion, Heroism, Finesse, Duel


You were on level 4 of the Shoals.
You worshipped Okawaru.
Okawaru was exalted by your worship.
You visited 5 branches of the dungeon, and saw 28 of its levels.
You visited 1 bazaar.
You also visited: Bailey.

You collected 3397 gold pieces.
You spent 3317 gold pieces at shops.

Inventory:

Hand Weapons
 a - the +2 broad axe of the Shore {vorpal, Will+ Int+3}
   (You bought it in a shop on level 15 of the Dungeon)

   It inflicts extra damage upon your enemies.
   Int:       It affects your intelligence (+3).
   Will:      It increases your willpower.
 b - a +4 vampiric broad axe (weapon)
 v - a +2 flail of venom
Missiles
 d - 7 silver javelins
 k - 5 throwing nets
 l - 22 poisoned darts (quivered)
 t - 2 curare-tipped darts
 S - 15 javelins
Armour
 g - a scarf of resistance (worn)
 h - the +2 pair of gloves of Parts Unknown (worn) {rN++ Stlth+}
   (Okawaru gifted it to you on level 6 of the Lair of Beasts)

   rN:        It greatly protects you from negative energy.
   Stlth:     It makes you more stealthy.
 q - a +0 plate armour of willpower (worn)
 u - a +0 tower shield (worn)
 w - a +2 pair of boots (worn)
 B - the +0 hat of the Spider Nest (worn) {rPois rCorr Int-3 SInv}
   (Okawaru gifted it to you on level 3 of the Shoals)

   Int:       It affects your intelligence (-3).
   rPois:     It protects you from poison.
   SInv:      It lets you see invisible.
   rCorr:     It protects you from acid and corrosion.
 T - the +15 Maxwell's patent armour {-Cast -Tele rElec Will+ rCorr}
   (Okawaru gifted it to you on level 1 of the Lair of Beasts)

   rElec:     It insulates you from electricity.
   -Cast:     It prevents spellcasting.
   -Tele:     It prevents most forms of teleportation.
   rCorr:     It protects you from acid and corrosion.
   Will:      It increases your willpower.
Jewellery
 c - the ring of Yfoutham (right hand) {rC+ Will++ Slay+4 SInv Stlth-}
   (You found it on level 14 of the Dungeon)

   [ring of slaying]

   Slay:      It affects your accuracy & damage with ranged weapons and melee
   (+4).
   rC:        It protects you from cold.
   SInv:      It lets you see invisible.
   Will:      It greatly increases your willpower.
   Stlth:     It makes you less stealthy.
 e - a +4 ring of protection
 C - a ring of ice
 H - the ring "Zeset" (left hand) {rPois rF+ rN+ Str+6 SInv}
   (You bought it in a shop in a bazaar)

   [ring of strength]

   Str:       It affects your strength (+6).
   rF:        It protects you from fire.
   rPois:     It protects you from poison.
   rN:        It protects you from negative energy.
   SInv:      It lets you see invisible.
 R - an amulet of regeneration (around neck)
 U - a ring of willpower
Wands
 r - a wand of flame (35)
 y - a wand of iceblast (17)
 z - a wand of mindburst (21)
 G - a wand of polymorph (9)
 W - a wand of acid (7)
 Z - a wand of digging (9)
Scrolls
 f - a scroll of silence
 n - 3 scrolls of fear
 x - a scroll of holy word
 F - 6 scrolls of blinking
 J - 3 scrolls of enchant armour
 M - 12 scrolls of teleportation
 O - 5 scrolls of fog
 P - a scroll of brand weapon
 Q - a scroll of magic mapping
 V - 4 scrolls of enchant weapon
Potions
 i - 9 potions of haste
 j - 6 potions of curing
 m - 4 potions of mutation
 o - 2 potions of heal wounds
 p - a potion of resistance
 s - a potion of might
 A - 12 potions of ambrosia
 D - 2 potions of invisibility
 E - 2 potions of magic
 L - a potion of brilliance
 N - 2 potions of berserk rage
 Y - 2 potions of flight
Miscellaneous
 I - a tin of tremorstones (inert)


   Skills:
 + Level 13.1 Fighting
 - Level 18.0 Axes
 + Level 17.1 Armour
 + Level 8.5 Dodging
 - Level 15.0 Shields
 - Level 13.0 Invocations
 + Level 10.1 Evocations


You had 16 spell levels left.
You didn't know any spells.
Your spell library contained the following spells:

 Spells                   Type           Power      Damage    Failure   Level
 Apportation              Tloc           0%         N/A       100%        1
 Magic Dart               Conj           0%         1d3       100%        1
 Pain                     Necr           0%         1d4       100%        1
 Shock                    Conj/Air       0%         1d3       100%        1
 Blink                    Tloc           0%         N/A       100%        2
 Corpse Rot               Necr/Air       0%         N/A       100%        2
 Poisonous Vapours        Pois/Air       0%         N/A       100%        2
 Searing Ray              Conj           0%         2d4       100%        2
 Static Discharge         Conj/Air       0%         N/A       100%        2
 Frozen Ramparts          Ice            0%         1d2       100%        3
 Gell's Gravitas          Tloc           0%         N/A       100%        3
 Inner Flame              Hex/Fire       0%         N/A       100%        3
 Lesser Beckoning         Tloc           0%         N/A       100%        3
 Mephitic Cloud           Conj/Pois/Air  0%         N/A       100%        3
 Swiftness                Air            0%         N/A       100%        3
 Vampiric Draining        Necr           0%         2d6       100%        3
 Airstrike                Air            0%         N/A       100%        4
 Cause Fear               Hex            0%         N/A       100%        4
 Fulminant Prism          Conj/Hex       0%         3d6       100%        4
 Ice Form                 Ice/Tmut       0%         N/A       100%        4
 Alistair's Intoxication  Tmut/Pois      0%         N/A       100%        5
 Blade Hands              Tmut           0%         N/A       100%        5
 Fireball                 Conj/Fire      0%         3d3       100%        5
 Irradiate                Conj/Tmut      0%         3d13      100%        5
 Iskenderun's Battlesphe  Conj           0%         2d6       100%        5
 Lightning Bolt           Conj/Air       0%         1d11      100%        5
 Manifold Assault         Tloc           0%         N/A       100%        5
 Conjure Ball Lightning   Conj/Air       0%         3x3d6     100%        6
 Eringya's Noxious Bog    Tmut/Pois      0%         N/A       100%        6
 Dragon Form              Tmut           0%         N/A       100%        7
 Orb of Destruction       Conj           0%         N/A       100%        7
 Discord                  Hex            0%         N/A       100%        8
 Disjunction              Tloc           0%         N/A       100%        8
 Maxwell's Capacitive Co  Air            0%         ∞         100%        8
 Animate Skeleton         Necr           Unusable   N/A       N/A         1
 Summon Ice Beast         Ice/Summ       Unusable   N/A       N/A         4
 Dragon's Call            Summ           Unusable   N/A       N/A         9

Dungeon Overview and Level Annotations

Branches:
Dungeon (15/15)            Temple (1/1) D:4            Lair (6/6) D:8
 Shoals (4/4) Lair:3       Spider (0/4) Lair:2        Slime (0/5) Lair:5
    Orc (2/2) D:10            Elf (0/3) Orc:2        Vaults (0/5) D:14
 Depths (0/4) D:15         Bailey (visited)

Altars:
Ashenzari
Cheibriados
Dithmenos
Elyvilon
Fedhas
Gozag
Hepliaklqana
Kikubaaqudgha
Makhleb
Nemelex Xobeh
Okawaru
Qazlal
Ru
Sif Muna
Trog
Uskayaw
Vehumet
Wu Jian
Xom
Yredelemnul
Zin
The Shining One
Beogh
Lugonu

Shops:
D:4 *   D:7 !   D:11 *   D:15 (   Orc:2 [**   Shoals:2 (   Shoals:3 *

Portals:
Abyss: Lair:6

Annotations:
D:10 1 runed translucent door
Lair:4 exclusion: 4 oklob plants
Lair:5 exclusion: 2 oklob plants
Orc:2 1 exclusion


Message History

You regained 5 hp, and now have 38/149 hp.
The merfolk hits you but does no damage.
You hit the merfolk.
The merfolk is severely wounded.
You block the merfolk's attack.
A satyr comes into view. It is wielding a +0 spear.
The satyr shouts!
You slash the merfolk!
You feel better.
The merfolk is almost dead.
The merfolk hits you but does no damage.
The satyr unwields a +0 spear.
The satyr wields a +0 longbow.
The satyr shoots an arrow.
You block the arrow.
You regained 12 hp, and now have 52/149 hp.
You slash the merfolk!
You feel better.
You kill the merfolk!
Okawaru accepts your kill.
You regained 3 hp, and now have 55/149 hp.
Items here: ( )) †.
There is an open door, spattered with blood here.
You see here a manticore corpse.
You regained 2 hp, and now have 61/149 hp.
You start resting.
A satyr is nearby!
You regained 4 hp, and now have 65/149 hp.
The satyr shoots an arrow.
The arrow hits you!
You take 9 damage, and have 56/149 hp.
The satyr shoots an arrow.
The arrow hits you!!
* * * LOW HITPOINT WARNING * * *
There is an open door, spattered with blood here.
You see here a manticore corpse.
You take 24 damage, and have 32/149 hp.
The satyr shoots an arrow.
The arrow hits you!
* * * LOW HITPOINT WARNING * * *
You take 14 damage, and have 18/149 hp.
You closely miss the satyr.
The satyr shoots an arrow.
You block the arrow.
You regained 2 hp, and now have 20/149 hp.
You slice the satyr!!
The satyr is heavily wounded.
The satyr shoots an arrow.
The arrow hits you!!
You die...

≈.. .≈8. ## #.##.≈.### #.
##....≈.... ##..
#.≈...≈....
#...###.....≈....
#...#(.#.8≈(...
#!..≈)..).≈.#
#..c.)..#.≈.# .
#.(.@...#.≈.# .^≈
#≈###†###.≈.# #..#
#.#.....#.≈.#.....
#.......#≈≈.#..... ≈≈
.........†)†≈....... ≈
#≈##...........≈.#.... ≈≈
≈≈##≈.#...≈.#.≈.#.... ≈≈≈
.≈≈##.#.......≈......
≈≈≈≈≈#≈≈≈#########.≈.#####


You could see a satyr.

Vanquished Creatures
  Mara (Shoals:3)
  2 sphinxes (Shoals:4)
  Polyphemus (Shoals:3)
  2 minotaurs (Shoals:4)
  2 merfolk javelineers
  Snorg (Lair:6)
  A merfolk impaler (Shoals:3)
  4 boulder beetles
  8 hydras
  5 centaur warriors
  A catoblepas (Shoals:3)
  7 vault guards
  3 merfolk avatars
  2 merfolk aquamancers (Shoals:3)
  9 death yaks
  A death knight (D:9)
  6 two-headed ogres
  10 satyrs
  2 alligator snapping turtles (Shoals:2)
  Urug (D:10)
  3 thrashing horrors (Lair:6)
  A sun demon (Orc:2)
  5 skeletal warriors
  A large abomination (Lair:6)
  8 sea snakes
  12 harpies
  5 orc knights
  A necromancer (D:15)
  A swamp dragon (shapeshifter) (Lair:6)
  A lindwurm (Lair:4)
  2 wizards
  A deep elf pyromancer (D:9)
  14 manticores
  11 fauns
  7 cyclopes
  6 orc sorcerers
  4 black mambas
  21 ugly things
  A smoke demon (Lair:6)
  7 elephants
  2 naga magi (D:15)
  3 water nymphs
  A guardian serpent (shapeshifter) (D:15)
  10 merfolk sirens
  4 gargoyles
  An orange demon (Orc:2)
  A centaur skeleton (D:15)
  11 cane toads
  4 kobold demonologists
  An unseen horror (D:12)
  A rime drake (Lair:5)
  A freezing wraith (D:14)
  7 komodo dragons
  A yaktaur (D:14)
  A tengu conjurer (D:9)
  8 trolls
  22 merfolk
  3 ancient zymes (Lair:6)
  9 meliai
  2 queen bees
  8 wind drakes
  23 slime creatures
  29 blink frogs
  10 snapping turtles
  Prince Ribbit (D:5)
  6 dream sheep (Shoals:4)
  2 shadows
  A jumping spider (Lair:2)
  10 water elementals
  A spriggan (Lair:6)
  5 ynoxinuls (Lair:6)
  Sigmund (D:5)
  19 yaks
  Eustachio (D:6)
  6 wyverns
  2 steam dragons
  5 humans (Bailey)
  6 basilisks
  A chaos spawn (Lair:6)
  3 wargs
  8 vampire mosquitoes
  3 redbacks (Lair:2)
  35 orc warriors
  13 water moccasins
  Duvessa (D:7)
  A sky beast (D:4)
  A black bear (shapeshifter) (D:14)
  3 black bears
  7 ogres
  3 ice beasts
  9 wolves
  14 centaurs
  4 kobold brigands
  2 phantoms
  31 bullfrogs
  7 small abominations (Lair:6)
  5 scorpions
  2 water moccasin zombies
  Dowan (D:7)
  61 killer bees
  4 wights (D:9)
  2 electric eels (Lair:3)
  7 howler monkeys
  4 centaur zombies
  2 jellies
  A bullfrog zombie (D:5)
  5 hounds
  2 gnoll shamans
  21 orc priests
  26 orc wizards
  Natasha (twice) (D:2)
  A hell rat (Lair:4)
  2 killer bee zombies
  A hound zombie (D:5)
  A hound skeleton (D:5)
  A howler monkey zombie (D:9)
  9 gnolls
  7 adders
  A shadow imp (D:6)
  A white imp (D:5)
  An adder skeleton (D:4)
  2 dart slugs
  88 orcs
  8 ball pythons
  7 endoplasms
  4 giant cockroaches
  10 hobgoblins
  6 quokkas
  4 bats
  2 frilled lizards
  12 goblins
  17 kobolds
  7 rats
893 creatures vanquished.

Vanquished Creatures (others)
  19 fungi
  58 plants
77 creatures vanquished.

Grand Total: 970 creatures vanquished

Notes
Turn   | Place    | Note
-------+----------+-------------------------------------------
     0 | D:1      | gimp the Hill Orc Fighter began the quest for the Orb.
     0 | D:1      | Reached XP level 1. HP: 19/19 MP: 1/1
   115 | D:1      | Reached skill level 3 in Axes
   173 | D:1      | Reached XP level 2. HP: 21/27 MP: 2/2
   788 | D:1      | Reached skill level 4 in Axes
   830 | D:1      | Reached XP level 3. HP: 32/33 MP: 3/3
  1895 | D:2      | Noticed Natasha
  1899 | D:2      | Killed Natasha
  1900 | D:2      | Reached skill level 5 in Axes
  1900 | D:2      | Reached XP level 4. HP: 41/41 MP: 4/4
  2049 | D:2      | Noticed Natasha
  2063 | D:2      | Killed Natasha
  2231 | D:3      | Noticed a scorpion
  2550 | D:3      | Killed a scorpion
  2551 | D:3      | Reached skill level 5 in Fighting
  2551 | D:3      | Reached skill level 6 in Axes
  2551 | D:3      | Reached XP level 5. HP: 24/48 MP: 5/5
  3318 | D:3      | Found a glowing golden altar of the Shining One.
  3455 | D:4      | Found Tymyep's Assorted Antiques.
  3641 | D:4      | Noticed a sky beast
  3649 | D:4      | Reached XP level 6. HP: 49/56 MP: 6/6
  3660 | D:4      | Killed a sky beast
  3661 | D:4      | Reached skill level 7 in Axes
  3884 | D:4      | Reached skill level 8 in Axes
  3884 | D:4      | Reached XP level 7. HP: 63/63 MP: 7/7
  3918 | D:4      | Found a staircase to the Ecumenical Temple.
  3931 | Temple   | Entered the Ecumenical Temple
  4165 | D:4      | Found a sparkling altar of Nemelex Xobeh.
  4306 | D:5      | Entered Level 5 of the Dungeon
  4306 | D:5      | Found a broken altar of Ashenzari.
  4615 | D:5      | Reached skill level 9 in Axes
  4784 | D:5      | Reached XP level 8. HP: 73/73 MP: 8/8
  4808 | D:5      | Reached skill level 10 in Axes
  4932 | D:5      | Noticed Prince Ribbit
  4957 | D:5      | Killed Prince Ribbit
  5194 | D:5      | Found a glowing silver altar of Zin.
  5348 | D:5      | Reached skill level 11 in Axes
  5397 | D:5      | Noticed Sigmund
  5407 | D:5      | Killed Sigmund
  5598 | D:6      | Found an iron altar of Okawaru.
  5622 | D:6      | Became a worshipper of Warmaster Okawaru
  5629 | D:6      | Reached skill level 12 in Axes
  5640 | D:6      | Reached XP level 9. HP: 82/82 MP: 9/9
  5745 | D:6      | Noticed a two-headed ogre
  6210 | D:6      | Killed a two-headed ogre
  6210 | D:6      | Reached * piety under Okawaru
  6210 | D:6      | Reached ** piety under Okawaru
  6211 | D:6      | Reached skill level 14 in Axes
  6283 | D:6      | Noticed Eustachio
  6295 | D:6      | Killed Eustachio
  6477 | D:6      | Reached skill level 15 in Axes
  6687 | D:6      | Noticed a troll
  6696 | D:6      | Killed a troll
  6697 | D:6      | Reached skill level 1 in Invocations
  6697 | D:6      | Reached XP level 10. HP: 77/91 MP: 7/11
  6920 | D:7      | Found an ornate altar of the Wu Jian Council.
  6958 | D:7      | Noticed Duvessa
  6959 | D:7      | Noticed Dowan
  6968 | D:7      | Killed Duvessa
  6984 | D:7      | Killed Dowan
  7369 | D:7      | Found Qufibi's Distillery.
  7410 | D:7      | Bought a potion of heal wounds for 60 gold pieces
  7410 | D:7      | Bought a potion of lignification for 36 gold pieces
  7441 | D:7      | Reached *** piety under Okawaru
  7892 | D:8      | Reached skill level 16 in Axes
  7909 | D:8      | Found a staircase to the Lair.
  7969 | D:8      | Found a sacrificial altar of Ru.
  7969 | D:8      | Found a blossoming altar of Fedhas.
  8438 | D:8      | Reached skill level 5 in Invocations
  8585 | D:8      | Found a shadowy altar of Dithmenos.
  8618 | D:8      | Found a stormy altar of Qazlal.
  8934 | D:9      | Received a gift from Okawaru
  8949 | D:9      | Reached skill level 17 in Axes
  9295 | D:9      | Reached **** piety under Okawaru
  9487 | D:9      | Reached XP level 11. HP: 70/97 MP: 16/16
  9698 | D:9      | Noticed a deep elf pyromancer
  9698 | D:9      | Noticed an eight-headed hydra
  9698 | D:9      | Noticed a six-headed hydra
  9698 | D:9      | Noticed a boulder beetle
  9698 | D:9      | Noticed a death knight
  9727 | D:10     | Entered Level 10 of the Dungeon
  9747 | D:10     | Found a staircase to the Orcish Mines.
 10086 | D:10     | Found a flagged portal.
 10097 | D:10     | Reached skill level 18 in Axes
 10205 | Bailey   | Entered a bailey
 10473 | Bailey   | Reached ***** piety under Okawaru
 10474 | Bailey   | Reached skill level 5 in Armour
 10675 | Bailey   | Noticed a vault guard
 10695 | Bailey   | Killed a vault guard
 10748 | Bailey   | Noticed a vault guard
 10761 | Bailey   | Killed a vault guard
 10771 | Bailey   | Identified a scroll of acquirement
 10771 | Bailey   | Acquired 1011 gold pieces
 11089 | D:10     | Noticed Urug
 11109 | D:10     | Killed Urug
 11110 | D:10     | Reached skill level 10 in Invocations
 11797 | D:10     | Noticed a two-headed ogre
 11798 | D:10     | Found a runed translucent door.
 11798 | D:10     | Noticed a green ugly thing
 11821 | D:10     | Found an opulent altar of Gozag.
 12278 | D:11     | Noticed a two-headed ogre
 12292 | D:11     | Killed a two-headed ogre
 12492 | D:11     | Found Odeppub's Gadget Gallery.
 12498 | D:11     | Bought a tin of tremorstones (2/2) for 560 gold pieces
 12505 | D:11     | Noticed a two-headed ogre
 12514 | D:11     | Killed a two-headed ogre
 12514 | D:11     | Identified the +4 executioner's axe of Contradiction
                  | {spect, MP+9 Int+2 SInv} (Okawaru gifted it to you on level
                  | 11 of the Dungeon)
 12514 | D:11     | Received a gift from Okawaru
 12515 | D:11     | Reached XP level 12. HP: 82/104 MP: 20/20
 12712 | D:11     | Noticed a two-headed ogre
 12719 | D:11     | Killed a two-headed ogre
 13918 | D:12     | Reached skill level 5 in Shields
 15138 | D:11     | Paralysed by an orc sorcerer for 7 turns
 15145 | D:11     | HP: 3/104 [poisoned by an orc sorcerer]
 15151 | D:11     | Received a gift from Okawaru
 16207 | D:12     | Reached skill level 10 in Armour
 16993 | D:12     | Reached XP level 13. HP: 90/111 MP: 22/22
 17183 | Orc:1    | Entered Level 1 of the Orcish Mines
 17307 | Orc:1    | Paralysed by an orc sorcerer for 6 turns
 17751 | Orc:1    | Found a runed translucent door.
 18299 | Orc:1    | Found a roughly hewn altar of Beogh.
 18354 | Orc:2    | Entered Level 2 of the Orcish Mines
 18361 | Orc:2    | Paralysed by an orc sorcerer for 5 turns
 19022 | Orc:2    | Found a staircase to the Elven Halls.
 19135 | Orc:2    | Found Qiefah's Antique Armour Boutique.
 20667 | Orc:2    | Found Vuxom's General Store.
 20669 | Orc:2    | Found Oxzerai's General Store.
 21012 | Orc:2    | Found a shimmering blue altar of Sif Muna.
 21077 | Orc:1    | Identified the +7 fustibalus of Desperation {freeze, rC+
                  | SInv} (Okawaru gifted it to you on level 1 of the Orcish
                  | Mines)
 21077 | Orc:1    | Received a gift from Okawaru
 21876 | Lair:1   | Entered Level 1 of the Lair of Beasts
 22019 | D:9      | Reached skill level 10 in Shields
 23348 | D:9      | Identified the +0 plate armour of Fedhas's Delight {rPois
                  | Will+ Dex-2}
 24203 | Lair:1   | Received a gift from Okawaru
 24203 | Lair:1   | Found the +15 Maxwell's patent armour {-Cast -Tele rElec
                  | Will+ rCorr}
 24384 | Lair:1   | Reached XP level 14. HP: 117/118 MP: 23/23
 25039 | Lair:2   | Found a hole to the Spider Nest.
 25966 | Lair:3   | Found a staircase to the Shoals.
 26629 | Lair:4   | Reached ****** piety under Okawaru
 27196 | Lair:4   | Identified the +5 ring mail of Impermeability {Contam rC+
                  | rN+} (Okawaru gifted it to you on level 4 of the Lair of
                  | Beasts)
 27196 | Lair:4   | Received a gift from Okawaru
 27231 | Lair:4   | Got Sif Muna's Grimoire of the Vitriolic Compass
 28136 | Lair:5   | Found a staircase to the Slime Pits.
 28178 | Lair:5   | Reached skill level 15 in Armour
 28192 | Lair:5   | Reached skill level 1 in Evocations
 28478 | Lair:5   | Reached skill level 1 in Dodging
 28631 | Lair:5   | Reached XP level 15. HP: 122/124 MP: 24/24
 28638 | Lair:5   | Identified the +2 pair of gloves of the Gloaming {rC- MP+9
                  | Int+2 Stlth+}
 28789 | Lair:5   | Found the ring of the Mage {Wiz Archmagi}
 29334 | Lair:6   | Entered Level 6 of the Lair of Beasts
 30385 | Lair:6   | Noticed Snorg
 30396 | Lair:6   | Killed Snorg
 30450 | Lair:6   | Identified the +2 pair of gloves of Parts Unknown {rN++
                  | Stlth+} (Okawaru gifted it to you on level 6 of the Lair of
                  | Beasts)
 30450 | Lair:6   | Received a gift from Okawaru
 30756 | Lair:6   | Found a corrupted altar of Lugonu.
 30756 | Lair:6   | Found a one-way gate to the infinite horrors of the Abyss.
 31601 | D:13     | Reached skill level 5 in Evocations
 32680 | D:14     | Reached skill level 15 in Shields
 32693 | D:14     | Reached skill level 5 in Dodging
 32889 | D:14     | Received a gift from Okawaru
 33001 | D:14     | Identified the ring of Yfoutham {rC+ Will++ Slay+4 SInv
                  | Stlth-}
 33012 | D:14     | Found a gate to the Vaults.
 33502 | D:15     | Entered Level 15 of the Dungeon
 33516 | D:15     | Reached XP level 16. HP: 134/134 MP: 22/25
 33605 | D:15     | Reached skill level 10 in Fighting
 33837 | D:15     | Found Wuekh's Weapon Boutique.
 34362 | D:15     | Identified the +0 pair of gloves of Leck {Contam Rampage
                  | SInv} (Okawaru gifted it to you on level 15 of the Dungeon)
 34362 | D:15     | Received a gift from Okawaru
 34387 | D:15     | Found a staircase to the Depths.
 34527 | D:15     | Bought the +2 broad axe of the Shore {vorpal, Will+ Int+3}
                  | for 453 gold pieces
 34783 | Shoals:1 | Entered Level 1 of the Shoals
 34819 | Shoals:1 | Found a flickering gateway to a bazaar.
 34825 | Bazaar   | Entered a bazaar
 34840 | Bazaar   | Found Cyalut's Jewellery Shoppe.
 34870 | Bazaar   | Found Eryofad's Jewellery Shoppe.
 34909 | Bazaar   | Found Ecom's Magic Scroll Boutique.
 34917 | Bazaar   | Bought a scroll of teleportation for 27 gold pieces
 34940 | Bazaar   | Found Tuoh Mitwai's Magic Scroll Shoppe.
 34948 | Bazaar   | Bought 2 scrolls of teleportation for 90 gold pieces
 34948 | Bazaar   | Bought a scroll of teleportation for 45 gold pieces
 34948 | Bazaar   | Bought a scroll of teleportation for 45 gold pieces
 34948 | Bazaar   | Bought a scroll of teleportation for 45 gold pieces
 34948 | Bazaar   | Bought a scroll of brand weapon for 300 gold pieces
 35025 | Bazaar   | Bought the ring "Zeset" {rPois rF+ rN+ Str+6 SInv} for 1106
                  | gold pieces
 35768 | Shoals:2 | Found Foed's Firing Range.
 35776 | Shoals:2 | Bought 2 throwing nets for 108 gold pieces
 36553 | Shoals:3 | Acquired a +4 vampiric broad axe
 36563 | Shoals:3 | Noticed Polyphemus
 36591 | Shoals:3 | Killed Polyphemus
 37062 | Shoals:3 | Found Zusinnua's Assorted Antiques.
 37072 | Shoals:3 | Bought a pair of ancient gloves for 247 gold pieces
 37072 | Shoals:3 | Identified the +0 pair of gloves of Itsutuuc {SInv} (You
                  | bought it in a shop on level 3 of the Shoals)
 37075 | Shoals:3 | Bought a scroll of blinking for 195 gold pieces
 37151 | Shoals:3 | Identified the +0 hat of the Spider Nest {rPois rCorr Int-3
                  | SInv} (Okawaru gifted it to you on level 3 of the Shoals)
 37151 | Shoals:3 | Received a gift from Okawaru
 37469 | Shoals:4 | Entered Level 4 of the Shoals
 37516 | Shoals:4 | Reached XP level 17. HP: 114/146 MP: 26/26
 37546 | Shoals:4 | Got the Incunabulum of Warped Envenoming
 37732 | Shoals:4 | Noticed Mara
 37809 | Shoals:4 | Noticed a sphinx
 37821 | Shoals:3 | Noticed gimp's illusion
 38062 | Shoals:3 | Killed Mara
 38125 | Shoals:4 | Killed a sphinx
 38634 | Shoals:4 | Received a gift from Okawaru
 38635 | Shoals:4 | Reached skill level 10 in Evocations
 38728 | Shoals:4 | Noticed a sphinx
 38738 | Shoals:4 | Killed a sphinx
 38760 | Shoals:4 | Shot with an arrow by a satyr

Illustrated notes

Levels and vault maps discovered:
D:1:      beargit_arrival_diablo_church, layout_basic
D:2:      layout_loops_corners, uniq_natasha
D:3:      layout_basic, nicolae_tso_swordbearing_angel
D:4:      layout_loops_ring, mainiacjoe_overflow_alcove_1,
          minmay_temple_entry_overgrown, serial_shops, nicolae_shop_behind_doors
D:5:      layout_basic, cheibrodos_ashenzari_chains, general_overflow_altar,
          hangedman_decor_growths, uniq_sigmund, uniq_prince_ribbit1
D:6:      minmay_angry_zag, layout_loops_ring, lemuel_round_altar,
          uniq_eustachio
D:7:      layout_gridville, lemuel_coloured_pillars_altar, serial_shops,
          kennysheep_little_box, uniq_duvessa
D:8:      nicolae_cairo_tiling, layout_basic, nicolae_dithmenos_the_darkroom,
          gammafunk_temple_overflow_pools, grunt_qazlal_sundering
D:9:      minmay_the_grid_square_5x5_3x3 [minmay_the_grid_square_5x5_n_small,
          minmay_the_grid_square_5x5_fancy_junction,
          minmay_the_grid_square_5x5_six, minmay_the_grid_square_5x5_plus,
          minmay_the_grid_square_5x5_megaprize_crossed,
          minmay_the_grid_square_5x5_two,
          minmay_the_grid_square_5x5_half_checkered,
          minmay_the_grid_square_5x5_gyroscope,
          minmay_the_grid_square_5x5_checkered_statues], layout_basic,
          chequers_jeans
D:10:     layout_irregular_city, nicolae_gozag_cash_rules_everything_around_me,
          hiddenorc2_lemuel, enter_bailey_4, chequers_serial_rivers_small_a,
          minmay_st_funbox, nicolae_wwwww, uniq_urug
D:11:     layout_loops_ring, nicolae_shop_gadgets
D:12:     layout_roguey
D:13:     layout_small_grid
D:14:     layout_loops_ring, grunt_vaults_entry_fortified, minmay_fountain_box
D:15:     grunt_enter_depths_magical_seal, layout_gridville,
          kennysheep_pointless_box, serial_shops, shop, minivault_7
Temple:   minmay_temple_curvy_loop
Lair:1:   layout_cave_pods
Lair:2:   layout_chaotic_city, spider_nest_entry_a, minivault_27
Lair:3:   layout_loops_ring, elwin_shoals_entry_rocks, st_stairs_3,
          serial_bayou_shore_a
Lair:4:   hangedman_what_comes_after_a, layout_small_grid
Lair:5:   layout_hall_layers, minmay_slime_entry_oklob_open
Lair:6:   hellmonk_lair_end_abyssal_woods, layout_misc_corridors, minivault_24,
          infiniplex_staircase_pool, grunt_megastairs_2, serial_bayou_shore_b,
          uniq_snorg
Shoals:1: layout_shoals, serial_shops, bzr_entry_safe, centaur_isle
Shoals:2: layout_shoals, nicolae_shoals_square_sea_wall,
          nicolae_shop_firing_range
Shoals:3: layout_shoals, serial_shops, nicolae_shop_trees, uniq_polyphemus
Shoals:4: shoals_end_hellmonk_lost_city, uniq_mara
Orc:1:    layout_caves, lightli_church_of_beogh
Orc:2:    pf_orc_diabolical, layout_caves, serial_shops, shop_fountains,
          kennysheep_orc_sif_temple

Skill      XL: |  1  2  3  4  5  6  7  8  9 10 11 12 13 14 15 16 17 |
---------------+----------------------------------------------------+-----
Axes           | 3 4 5 6 8 9 12 15 17 18 | 18.0
Fighting       | 4 5 6 7 8 9 11 13 | 13.1
Invocations    | 1 6 11 13 | 13.0
Armour         | 7 10 13 15 16 17 | 17.1
Shields        | 7 11 13 15 | 15.0
Evocations     | 2 6 8 10 | 10.1
Dodging        | 2 5 7 8 |  8.5

Action                   |  1- 3 |  4- 6 |  7- 9 | 10-12 | 13-15 | 16-18 || total
-------------------------+-------+-------+-------+-------+-------+-------++-------
Melee: War axe           |    77 |    84 |   244 |   712 |  1529 |    23 ||  2669
       Flail             |       |       |       |       |    56 |       ||    56
       Broad axe         |       |       |       |       |       |   857 ||   857
Throw: Dart              |       |     2 |       |     3 |       |       ||     5
Invok: Heroism           |       |       |     1 |    18 |    24 |     5 ||    48
       Finesse           |       |       |       |     4 |     2 |     2 ||     8
Evoke: Wand              |       |       |     7 |     3 |     2 |     5 ||    17
       Tin of tremorston |       |       |       |       |     2 |     4 ||     6
  Use: Scroll            |       |       |       |    21 |     8 |     4 ||    33
       Potion            |       |       |       |     8 |     2 |     2 ||    12
 Stab: Paralysed         |       |       |     8 |       |       |       ||     8
       Petrified         |       |       |       |       |       |     5 ||     5
Armor: Scale mail        |    39 |     9 |       |       |       |       ||    48
       Ring mail         |       |    33 |   111 |   302 |       |       ||   446
       Plate armour      |       |       |       |    71 |   978 |   418 ||  1467
Dodge: Dodged            |    34 |    41 |   125 |   281 |   563 |   218 ||  1262
Block: Buckler           |     9 |    19 |    47 |   148 |   465 |       ||   688
       Tower shield      |       |       |       |       |    65 |   908 ||   973

Table legend: (Time is in decaauts)
 A = Elapsed time spent in this place.
 B = Non-inter-level travel time spent in this place.
 C = Inter-level travel time spent in this place.
 D = Time resting spent in this place.
 E = Time spent auto-exploring this place.
 F = Levels seen in this place.
 G = Mean time per level.
                   A        B        C        D        E       F      G
               +--------+--------+--------+--------+--------+-----+--------+
         Total |  38351 |  36537 |   1814 |   5201 |  23688 |  30 | 1278.4 |
       Dungeon |  21707 |  20658 |   1049 |   2891 |  14066 |  15 | 1447.1 |
        Temple |    224 |    201 |     23 |      0 |    197 |   1 |  224.0 |
          Lair |   7628 |   7144 |    484 |    336 |   5572 |   6 | 1271.3 |
        Shoals |   3845 |   3680 |    165 |    521 |   1734 |   4 |  961.2 |
  Orcish Mines |   3967 |   3876 |     91 |   1374 |   1688 |   2 | 1983.5 |
        Bazaar |    264 |    264 |      0 |      0 |      0 |   1 |  264.0 |
        Bailey |    713 |    713 |      0 |     78 |    431 |   1 |  713.0 |
               +--------+--------+--------+--------+--------+-----+--------+

Top non-repeatable levels by time:
    D:11: 2902 daAuts
    D:10: 2424 daAuts
   Orc:2: 2111 daAuts
    D:12: 2042 daAuts
  Lair:6: 1970 daAuts
     D:8: 1922 daAuts
     D:9: 1908 daAuts
   Orc:1: 1855 daAuts
Shoals:3: 1842 daAuts
     D:5: 1375 daAuts
  Lair:5: 1306 daAuts
     D:1: 1204 daAuts
  Lair:1: 1178 daAuts
     D:6: 1149 daAuts
  Lair:3: 1137 daAuts
